 Dungeon Crawl Stone Soup version 0.31.0-10-gcf4a605ca0 (webtiles) character file.

Game seed: 14895342914405441052

31268 solopath the Brawler (level 13, 0/132 HPs)
             Began as a Troll Fighter on Jan 26, 2024.
             Was an Elder of Ru.
             Slain by an orc knight
             ... wielding a +0 dire flail
              (25 damage)
             ... on level 1 of the Orcish Mines.
             The game lasted 00:26:06 (10561 turns).

solopath the Brawler (Troll Fighter)               Turns: 10561, Time: 00:26:07

Health: 0/132      AC: 17    Str: 38    XL:     13   Next: 25%
Magic:  8/12       EV:  8    Int:  3    God:    Ru [****..]
Gold:   701        SH: 11    Dex:  8    Spells: 12/12 levels left

rFire   + .          .
                       - Unarmed
rCold   + . .        b - +0 kite shield
rNeg    . . .        y - +5 swamp dragon scales of Disguise {rPois rC+ Str+5}
rPois   +            (helmet restricted)
rElec   .            q - +0 cloak
rCorr   .            (gloves unavailable)
SInv    +            (boots unavailable)
Will    .....        l - amulet of regeneration Stlth
                     d - +5 ring of evasion
HPRegen 2.02/turn    f - ring of see invisible
MPRegen 0.13/turn

%: no passive effects
@: exhausted, studying Shields
A: large, unfitting armour, claws 3, regeneration 1, shaggy fur 1, tough skin 1,
inability to train dodging, no air magic, no hexes magic, no necromancy magic,
reduced EV 1, no forms, clumsy 1, fire resistance 1, robust 1, strong 1
a: Renounce Religion, Draw Out Power, Power Leap


You were on level 1 of the Orcish Mines.
You worshipped Ru.
Ru was greatly pleased with you.
You visited 3 branches of the dungeon, and saw 15 of its levels.
You also visited: Bailey.

You collected 1412 gold pieces.
You spent 711 gold pieces at shops.

Inventory:

Missiles
 e - 27 poisoned darts (quivered)
 i - 2 throwing nets
 K - a curare-tipped dart
Armour
 a - a +0 robe
 b - a +0 kite shield (worn)
 p - +2 steam dragon scales
 q - a +0 cloak (worn)
 y - the +5 swamp dragon scales of Disguise (worn) {rPois rC+ Str+5}
   (You acquired it on level 8 of the Dungeon)

   Str+5:     It affects your strength (+5).
   rC+:       It protects you from cold.
   rPois:     It protects you from poison
Jewellery
 d - a +5 ring of evasion (left claw)
 f - a ring of see invisible (right claw)
 h - a ring of poison resistance
 l - an amulet of regeneration (around neck)
 o - a +6 ring of dexterity
 N - an amulet of guardian spirit
Wands
 r - a wand of mindburst (30)
 u - a wand of light (8)
 v - a wand of charming (7)
 R - a wand of iceblast (1)
Scrolls
 j - 4 scrolls of teleportation
 m - a scroll of blinking
 t - 3 scrolls of enchant weapon
 w - 3 scrolls of fear
 x - a scroll of fog
 E - 2 scrolls of amnesia
 H - a scroll of enchant armour
 I - a scroll of revelation
 J - 2 scrolls of immolation
 L - a scroll of identify
 M - a scroll of vulnerability
Potions
 c - 4 potions of might
 g - 4 potions of curing
 k - a potion of invisibility
 s - a potion of resistance
 z - a potion of berserk rage
 A - 2 potions of cancellation
 B - 2 potions of enlightenment
 C - 4 potions of attraction
 D - a potion of haste
 F - a potion of brilliance
 G - 2 potions of heal wounds
 O - a potion of ambrosia
 P - a potion of mutation
Miscellaneous
 n - a phantom mirror
 Q - a tin of tremorstones (inert)


   Skills:
 - Level 6.0 Fighting
 + Level 0.8 Throwing
 - Level 7.2 Armour
   Level 0.0 Dodging
 + Level 11.9 Shields
 * Level 16.6 Unarmed Combat


You had 12 spell levels left.
You didn't know any spells.
Your spell library contained the following spells:

 Spells                   Type           Power      Damage    Failure   Level
 Apportation              Tloc           0%         N/A       73%         1
 Magic Dart               Conj           0%         1d3       73%         1
 Sting                    Conj/Alch      0%         1d3       73%         1
 Summon Small Mammal      Summ           0%         N/A       73%         1
 Searing Ray              Conj           0%         2d4       86%         2
 Hailstorm                Conj/Ice       0%         3d5       97%         3
 Summon Ice Beast         Ice/Summ       0%         N/A       97%         3
 Fulminant Prism          Conj/Alch      0%         3d5       100%        4
 Olgreb's Toxic Radiance  Alch           0%         N/A       100%        4
 Sculpt Simulacrum        Ice/Alch       0%         N/A       100%        6
 Fire Storm               Conj/Fire      0%         5d1       100%        9
 Shatter                  Erth           0%         3d5*      100%        9
 Necrotise                Necr           Unusable   1d4       N/A         1
 Jinxbite                 Hex            Unusable   N/A       N/A         2
 Mercury Vapours          Alch/Air       Unusable   N/A       N/A         2
 Yara's Violent Unravell  Hex/Alch       Unusable   3d3       N/A         5
 Enfeeble                 Hex            Unusable   N/A       N/A         7
 Chain Lightning          Conj/Air       Unusable   N/A       N/A         9

Dungeon Overview and Level Annotations

Branches:
Dungeon (12/15)            Temple (1/1) D:6            Lair (0/5) D:11
    Orc (2/2) D:10            Elf (0/3) Orc:2        Bailey (visited)

Altars:
Ashenzari
Cheibriados
Dithmenos
Elyvilon
Fedhas
Gozag
Hepliaklqana
Kikubaaqudgha
Makhleb
Nemelex Xobeh
Okawaru
Qazlal
Ru
Sif Muna
Trog
Uskayaw
Vehumet
Wu Jian
Xom
Yredelemnul
Zin
The Shining One

Shops:
D:3 :   D:6 **   D:10 !   D:12 !   Orc:2 *

Annotations:
D:2 1 runed translucent door, Crazy Yiuf
D:9 2 transporters, Daunt's ghost, journeyman TrEn
Orc:2 Saint Roka


Innate Abilities, Weirdness & Mutations

You are too large for most types of armour.
You have claws for hands.
Your natural rate of healing is unusually fast.
You are covered in fur. (AC +1)
You have tough skin. (AC +1)
You cannot train Dodging skill.
You cannot study or cast Air magic.
You cannot study or cast Hexes magic.
You cannot study or cast Necromancy magic.
You have somewhat slow reflexes. (EV -5)
You cannot voluntarily change form.
You are clumsy. (Dex -2)
Your flesh is heat resistant. (rF+)
You are robust. (+10% HP)
Your muscles are strong. (Str +4, Int/Dex -1)


Message History

The orc knight hits you with a +0 war axe!
The orc knight barely misses you.
There is a stone staircase leading up, spattered with blood here.
Unknown command.
You block the orc warrior's attack. x2
The orc knight hits you with a +0 war axe!!
The orc knight hits you with a +0 dire flail!
You focus your inner power and illuminate the orc knight in retribution!
You climb upwards.
There is a stone staircase leading down here.
Unknown command.
You claw the orc warrior!
The orc warrior is almost dead.
You block the orc warrior's attack. x2
The orc knight roars a battlecry!
The orc knight goes into a battle-frenzy!
You block the orc knight's attack.
Unknown command.
You eviscerate the orc warrior!!!
You kill the orc warrior!
The orc knight stops glowing.
You block the orc knight's attack. You block the orc warrior's attack.
Unknown command.
You scratch the orc warrior but do no damage.
The orc warrior is heavily wounded.
The orc knight hits you with a +0 dire flail!
Unknown command.
You eviscerate the orc warrior!!!
You kill the orc warrior!
You block the orc knight's attack.
The orc knight hits you with a +0 dire flail!
Your life force feels restored.
Unknown command.
You closely miss the orc knight.
The orc knight is heavily wounded.
The orc knight hits you with a +0 war axe!!
* * * LOW HITPOINT WARNING * * *
You focus your inner power and blind the orc knight in retribution!
The orc knight hits you with a +0 dire flail!!
You die...

##.....####.##
###.#...###.##### ###
##.......##...##.####.##
#.................##...#
##........#.#.....##..##
##......##............##
##.....................#
##.#...o.).............##
##....##.@.............##
##.#......)o.............#
##...................###..##
#..........................#
##...#............>.......#.
##.........................
##..........#......#...##.
##.##.#.#.###.#.####.####
########## ##### ###


You could see 2 orc knights.

Vanquished Creatures
  The ghost of barkas the Spear-Bearer, a journeyman CeMo of Okawaru (Orc:1)
  An orc warlord (Bailey)
  Snorg (D:12)
  A hydra (D:9)
  4 two-headed ogres
  An orc high priest (Orc:1)
  An arcanist (D:12)
  6 orc knights
  A deep elf pyromancer (D:12)
  Pikel (D:4)
  7 orc sorcerers
  2 cyclopes
  An ugly thing (D:12)
  An elephant (D:11)
  3 kobold blastminers (Orc:2)
  A gargoyle (D:12)
  Jeremiah (D:6)
  3 komodo dragons
  An unseen horror (D:10)
  7 trolls
  A hornet (D:8)
  2 shadows
  15 yaks
  7 wraiths
  2 wyverns
  2 vampires
  2 steam dragons (D:5)
  Menkaure (D:6)
  7 wargs
  4 acid dragons
  3 water moccasins
  3 ice beasts
  3 black bears
  26 orc warriors
  A sky beast (D:7)
  4 ogres
  5 centaurs
  2 phantoms
  3 kobold brigands
  A bullfrog (D:11)
  3 scorpions
  4 wights
  10 killer bees
  6 howler monkeys (D:10)
  4 hounds
  A bombardier beetle (D:4)
  3 jellies
  A gnoll bouda (D:10)
  12 orc priests
  A sleepcap (D:7)
  4 iguanas
  Natasha (thrice) (D:4)
  28 orc wizards
  Terence (D:3)
  11 gnolls
  8 adders
  3 shadow imps
  A dart slug (D:3)
  91 orcs
  6 bats
  7 endoplasms
  3 giant cockroaches
  13 goblins
  7 hobgoblins
  4 jackals (D:1)
  19 kobolds
  4 quokkas
  3 ball pythons
  5 frilled lizards
  6 rats
411 creatures vanquished.

Vanquished Creatures (others)
  A troll (D:11)
  3 orcs
4 creatures vanquished.

Grand Total: 415 creatures vanquished

Notes
Turn   | Place    | Note
-------+----------+-------------------------------------------
     0 | D:1      | solopath the Troll Fighter began the quest for the Orb.
     0 | D:1      | Reached XP level 1. HP: 22/22 MP: 0/0
    16 | D:1      | You fall into a shaft and drop 1 floor!
    29 | D:2      | Reached XP level 2. HP: 29/29 MP: 1/1
    94 | D:2      | Reached skill level 3 in Unarmed Combat
    94 | D:2      | Reached XP level 3. HP: 35/36 MP: 2/2
   131 | D:2      | Found a faded altar of an unknown god.
   963 | D:2      | Reached XP level 4. HP: 44/44 MP: 3/3
  1168 | D:2      | Found a runed translucent door.
  1169 | D:2      | Noticed Crazy Yiuf
  1569 | D:3      | Noticed Terence
  1575 | D:3      | Killed Terence
  1576 | D:3      | Reached skill level 4 in Unarmed Combat
  1753 | D:3      | Found Zimpeav's Book Emporium.
  1863 | D:3      | Reached XP level 5. HP: 23/50 MP: 4/4
  2139 | D:4      | Reached skill level 5 in Unarmed Combat
  2293 | D:4      | Noticed a lemure
  2295 | D:4      | Noticed a lemure
  2296 | D:4      | Noticed a lemure
  2296 | D:4      | Noticed Pikel
  2300 | D:4      | Noticed a lemure
  2347 | D:3      | Reached XP level 6. HP: 53/59 MP: 5/5
  2419 | D:4      | Noticed Natasha
  2424 | D:4      | Killed Natasha
  2436 | D:4      | Noticed Natasha
  2457 | D:4      | Killed Natasha
  2569 | D:4      | Noticed Natasha
  2602 | D:4      | Killed Pikel
  2603 | D:4      | Reached skill level 5 in Shields
  2603 | D:4      | Reached skill level 7 in Unarmed Combat
  2603 | D:4      | Reached XP level 7. HP: 45/66 MP: 6/6
  2606 | D:4      | Killed Natasha
  2713 | D:5      | Entered Level 5 of the Dungeon
  2788 | D:5      | Reached XP level 8. HP: 74/74 MP: 7/7
  3047 | D:5      | Reached skill level 8 in Unarmed Combat
  3387 | D:6      | Reached skill level 9 in Unarmed Combat
  3401 | D:6      | Found a staircase to the Ecumenical Temple.
  3421 | Temple   | Entered the Ecumenical Temple
  3426 | Temple   | Became a worshipper of Ru the Awakened
  3727 | D:6      | Noticed Menkaure
  3738 | D:6      | Killed Menkaure
  3837 | D:6      | Noticed Jeremiah
  3882 | D:6      | Killed Jeremiah
  3883 | D:6      | Reached XP level 9. HP: 73/80 MP: 8/8
  3888 | D:6      | Found Riehehei's Specific Store.
  3897 | D:6      | Found Cafap's General Store.
  3902 | D:6      | Bought a scroll of identify for 28 gold pieces
  3902 | D:6      | Bought a scroll of blinking for 105 gold pieces
  4262 | D:6      | Found a burning altar of Makhleb.
  4274 | D:6      | Found a shadowy altar of Dithmenos.
  4286 | D:6      | Reached skill level 10 in Unarmed Combat
  4610 | D:7      | Found a sparkling altar of Nemelex Xobeh.
  4627 | D:7      | Gained mutation: You cannot train Dodging skill. [Ru
                  | sacrifice]
  4627 | D:7      | Reached * piety under Ru
  5417 | D:8      | Identified a scroll of acquirement
  5418 | D:8      | Acquired the +5 swamp dragon scales of Disguise {rPois rC+
                  | Str+5}
  5445 | D:8      | Gained mutation: You are clumsy. (Dex -2) [potion of
                  | mutation]
  5445 | D:8      | Gained mutation: Your flesh is heat resistant. (rF+)
                  | [potion of mutation]
  5445 | D:8      | Gained mutation: Your muscles are strong. (Str +4, Int/Dex
                  | -1) [potion of mutation]
  5445 | D:8      | Gained mutation: You are robust. (+10% HP) [potion of
                  | mutation]
  5463 | D:8      | Noticed a two-headed ogre
  5472 | D:8      | Killed a two-headed ogre
  5473 | D:8      | Reached skill level 11 in Unarmed Combat
  5530 | D:8      | Reached XP level 10. HP: 96/100 MP: 9/9
  5953 | D:9      | Reached skill level 1 in Armour
  5975 | D:9      | Noticed Daunt's ghost (journeyman TrEn)
  5977 | D:9      | Found a transporter.
  5982 | D:9      | Noticed a harpy
  5992 | D:9      | Found a transporter.
  6093 | D:9      | Noticed a four-headed hydra
  6098 | D:9      | Reached skill level 12 in Unarmed Combat
  6106 | D:9      | Killed an 11-headed hydra
  6162 | D:9      | Found a flagged portal.
  6178 | Bailey   | Entered a bailey
  6195 | Bailey   | Noticed an orc warlord
  6250 | Bailey   | Noticed an orc knight
  6268 | Bailey   | Killed an orc knight
  6341 | Bailey   | Found a runed translucent gate.
  6343 | Bailey   | Found a runed translucent gate.
  6345 | Bailey   | Found a runed translucent gate.
  6396 | Bailey   | Killed an orc warlord
  6397 | Bailey   | Reached skill level 5 in Fighting
  6397 | Bailey   | Reached XP level 11. HP: 112/112 MP: 10/10
  6524 | Bailey   | Acquired a manual of Shields
  6653 | D:9      | Reached skill level 13 in Unarmed Combat
  6960 | D:10     | Entered Level 10 of the Dungeon
  7131 | D:10     | Found a staircase to the Orcish Mines.
  7257 | D:10     | Noticed a two-headed ogre
  7265 | D:10     | Killed a two-headed ogre
  7285 | D:10     | Found Zyuzxuv's Distillery.
  7312 | D:10     | Gained mutation: You cannot voluntarily change form. [Ru
                  | sacrifice]
  7312 | D:10     | Reached ** piety under Ru
  7314 | D:10     | Bought a potion of enlightenment for 50 gold pieces
  7314 | D:10     | Bought a potion of haste for 100 gold pieces
  7314 | D:10     | Bought a potion of curing for 30 gold pieces
  7314 | D:10     | Bought a potion of curing for 30 gold pieces
  7314 | D:10     | Bought a potion of attraction for 30 gold pieces
  7471 | D:10     | Reached skill level 14 in Unarmed Combat
  7844 | D:11     | Reached skill level 5 in Armour
  7984 | D:11     | Noticed a two-headed ogre
  7987 | D:11     | Killed a two-headed ogre
  8051 | D:11     | Reached XP level 12. HP: 125/125 MP: 11/11
  8132 | D:11     | Noticed a two-headed ogre
  8136 | D:11     | Killed a two-headed ogre
  8196 | D:11     | Found a staircase to the Lair.
  8275 | D:12     | Noticed Snorg
  8280 | D:12     | Killed Snorg
  8383 | D:12     | Reached skill level 15 in Unarmed Combat
  8585 | D:12     | Reached skill level 10 in Shields
  8933 | D:12     | Found a transporter.
  8933 | D:12     | Found Kiuf's Distillery.
  8958 | D:12     | Found a transporter.
  8965 | D:12     | Bought a potion of ambrosia for 104 gold pieces
  8965 | D:12     | Bought a potion of mutation for 104 gold pieces
  8965 | D:12     | Bought 2 potions of heal wounds for 130 gold pieces
  9116 | Orc:1    | Entered Level 1 of the Orcish Mines
  9142 | Orc:1    | Gained mutation: You have somewhat slow reflexes. (EV -5)
                  | [Ru sacrifice]
  9142 | Orc:1    | Reached *** piety under Ru
  9371 | Orc:1    | Noticed an orc high priest
  9400 | Orc:1    | Killed an orc high priest
  9422 | Orc:1    | Found a large runed translucent door.
  9422 | Orc:1    | Found a large runed translucent door.
  9423 | Orc:1    | Noticed barkas's ghost (journeyman CeMo)
  9626 | Orc:1    | Killed barkas's ghost
  9688 | Orc:2    | Entered Level 2 of the Orcish Mines
  9712 | Orc:2    | Noticed Saint Roka
  9832 | Orc:2    | Reached skill level 16 in Unarmed Combat
 10094 | Orc:2    | Found a staircase to the Elven Halls.
 10191 | Orc:2    | Reached XP level 13. HP: 119/132 MP: 12/12
 10362 | Orc:2    | Gained mutation: You cannot study or cast Air magic. [Ru
                  | sacrifice]
 10362 | Orc:2    | Gained mutation: You cannot study or cast Hexes magic. [Ru
                  | sacrifice]
 10362 | Orc:2    | Gained mutation: You cannot study or cast Necromancy magic.
                  | [Ru sacrifice]
 10362 | Orc:2    | Reached **** piety under Ru
 10412 | Orc:2    | Found Jaoklik's Assorted Antiques.
 10449 | Orc:2    | HP: 3/125 [orc knight/+2 battleaxe of venom (30)]
 10561 | Orc:1    | Slain by an orc knight

Illustrated notes

Levels and vault maps discovered:
D:1:      lemuel_arrival_tunnels, layout_basic
D:2:      layout_loops_ring, basic_ecumenical_altar, uniq_crazy_yiuf_cottage
D:3:      layout_loops_ring, serial_shops, shop_fountains, uniq_terence
D:4:      layout_cave_pools, nicolae_the_louvre, uniq_pikel, uniq_natasha
D:5:      kennysheep_steamy, layout_rooms, bh_walls_and_bars
D:6:      layout_loops_ring, jmf_multi_god_temple2, minmay_temple_entry_ruins,
          nicolae_specific_store, eino_small_chamber_without_monster,
          uniq_menkaure, uniq_jeremiah
D:7:      layout_basic, nemelex_xobeh_ov_fountains_minmay
D:8:      layout_basic
D:9:      layout_loops_ring, enter_bailey_4, gammafunk_ghost_arena
D:10:     minmay_s_stair_smasher, layout_rooms, orc_0_dummy, serial_shops, shop,
          grunt_decor_arrowhead
D:11:     layout_roguey, grunt_lair_entry_orc_guard_hut,
          kennysheep_generic_room_3
D:12:     layout_irregular_city, serial_shops, nicolae_shop_drivethru,
          uniq_snorg
Temple:   nicolae_temple_bog_church
Orc:1:    layout_caves, ebering_ghost_disaster_area
Orc:2:    st_orc_town, layout_caves, serial_shops, nicolae_shop_rolled_up,
          uniq_saint_roka

Skill      XL: |  1  2  3  4  5  6  7  8  9 10 11 12 13 |
---------------+----------------------------------------+-----
Shields        | 3 4 5 6 7 9 11 | 11.9
Unarmed Combat | 3 4 5 7 9 11 12 14 16 | 16.6
Dodging        | 3 0 |  0.0
Fighting       | 3 5 6 |  6.0
Armour         | 3 5 6 7 |  7.2
Throwing       | |  0.8

Action                     |  1- 3 |  4- 6 |  7- 9 | 10-12 | 13-15 || total
---------------------------+-------+-------+-------+-------+-------++-------
  Melee: Unarmed           |    76 |   129 |   264 |   635 |   115 ||  1219
  Throw: Dart              |       |       |     5 |     8 |     4 ||    17
 Invoke: Sacrifice Nimblen |       |       |     1 |       |       ||     1
         Sacrifice Forms   |       |       |       |     1 |       ||     1
         Sacrifice Health  |       |       |       |     1 |       ||     1
         Power Leap        |       |       |       |       |     2 ||     2
         Draw Out Power    |       |       |       |       |     1 ||     1
         Sacrifice Arcana  |       |       |       |       |     1 ||     1
  Evoke: Wand              |       |       |     6 |     4 |     1 ||    11
         Tin of tremorston |       |       |       |       |     2 ||     2
    Use: Potion            |       |     2 |     4 |     1 |     2 ||     9
         Scroll            |       |       |    15 |     7 |       ||    22
   Stab: Sleeping          |       |       |     2 |       |       ||     2
         Invisible         |       |       |     1 |     5 |     1 ||     7
         Distracted        |       |       |       |     3 |       ||     3
 Armour: Robe              |    36 |    83 |    50 |       |       ||   169
         Steam dragon scal |       |       |    84 |       |       ||    84
         Swamp dragon scal |       |       |     1 |   301 |    69 ||   371
  Dodge: Dodged            |    23 |    50 |    72 |   209 |    18 ||   372
  Block: Kite shield       |    36 |    56 |   101 |   298 |    46 ||   537
